[ PARTIDA AOE2 · #461110234 ]
UnrankedWei vs Burmese
[ ANÁLISIS DE REPETICIÓN · EXTRAÍDO DE LA PARTIDA GRABADA ]
Feudal
11:21
Castillos
16:07
Imperial
35:07
| APM promedio | 41.3 |
| APM pico | 92 |
| eAPM promedio | 24.5 |
| Aldeanos / militares | 152 / 705 |
Foco
⚔️ 64.9% · 🌾 35.1%
Spearman ×701 · Unknown (1952) ×317 · Unknown (1942) ×32 · Trade Cart ×27 · Skirmisher ×3 · Unknown (1949) ×3
Feudal
11:46
Castillos
15:23
Imperial
37:51
| APM promedio | 58.5 |
| APM pico | 88 |
| eAPM promedio | 37.8 |
| Aldeanos / militares | 180 / 688 |
Foco
⚔️ 67.4% · 🌾 32.6%
Arambai ×220 · Militia ×219 · Battle Elephant ×176 · Trade Cart ×91 · Spearman ×27 · Battering Ram ×22
Feudal
10:56
Castillos
14:43
Imperial
29:48
| APM promedio | 43.4 |
| APM pico | 89 |
| eAPM promedio | 25.5 |
| Aldeanos / militares | 170 / 576 |
Foco
⚔️ 55.9% · 🌾 44.1%
Cavalry Archer ×302 · Scout Cavalry ×137 · Janissary ×94 · Trade Cart ×79 · Bombard Cannon ×17 · Camel Scout ×15
Feudal
11:22
Castillos
14:56
Imperial
29:33
| APM promedio | 35.1 |
| APM pico | 98 |
| eAPM promedio | 19.0 |
| Aldeanos / militares | 221 / 763 |
Foco
⚔️ 41.0% · 🌾 59.0%
Scout Cavalry ×404 · Camel Scout ×176 · Mameluke ×134 · Trade Cart ×44 · Battering Ram ×19 · Mangonel ×13
Feudal
10:10
Castillos
13:50
Imperial
28:17
| APM promedio | 25.0 |
| APM pico | 71 |
| eAPM promedio | 19.8 |
| Aldeanos / militares | 234 / 694 |
Foco
⚔️ 31.0% · 🌾 69.0%
Archer ×199 · Militia ×177 · Skirmisher ×157 · Spearman ×91 · Trade Cart ×75 · Battering Ram ×67
Feudal
11:48
Castillos
15:33
Imperial
35:24
| APM promedio | 38.1 |
| APM pico | 90 |
| eAPM promedio | 26.3 |
| Aldeanos / militares | 295 / 594 |
Foco
⚔️ 58.5% · 🌾 41.5%
Spearman ×485 · Fire Lancer ×48 · Trade Cart ×42 · Iron Pagoda ×26 · Scorpion ×24 · Battering Ram ×6
Feudal
11:12
Castillos
14:46
Imperial
33:32
| APM promedio | 29.0 |
| APM pico | 82 |
| eAPM promedio | 19.6 |
| Aldeanos / militares | 199 / 924 |
Foco
⚔️ 48.9% · 🌾 51.1%
Spearman ×678 · Skirmisher ×133 · Composite Bowman ×52 · Trade Cart ×47 · Battering Ram ×27 · Mangonel ×20
Feudal
12:34
Castillos
16:06
Imperial
30:33
| APM promedio | 37.8 |
| APM pico | 73 |
| eAPM promedio | 25.9 |
| Aldeanos / militares | 219 / 655 |
Foco
⚔️ 56.1% · 🌾 43.9%
Knight ×272 · Spearman ×226 · Scout Cavalry ×157 · Trade Cart ×47
Mapa de la partida
Recursos iniciales + cada clic de construcción. Líneas = muros · curvas = relieve. ◆ oro · ⬟ piedra · ● bayas · ✦ reliquia · ◌ hueco del cierre
Inputs por minuto
— TW_HILEO - - ANKR.DAI
Build order — TW_HILEO
Primeras 150 de 1122 acciones detectadas
| 0:01 | Crear | Villager (Male) ×4 |
| 0:01 | Crear | Villager (Male) ×4 |
| 0:03 | Construir | House |
| 0:05 | Construir | House |
| 1:30 | Crear | Villager (Male) |
| 1:30 | Crear | Villager (Male) |
| 1:54 | Crear | Villager (Male) |
| 2:19 | Construir | Lumber Camp |
| 2:28 | Crear | Villager (Male) |
| 2:28 | Crear | Villager (Male) |
| 2:54 | Crear | Villager (Male) |
| 2:54 | Crear | Villager (Male) |
| 2:54 | Crear | Villager (Male) |
| 3:44 | Crear | Villager (Male) |
| 3:50 | Construir | House |
| 3:51 | Construir | House |
| 3:53 | Construir | House |
| 3:53 | Crear | Villager (Male) |
| 4:31 | Crear | Villager (Male) |
| 4:40 | Crear | Villager (Male) |
| 4:40 | Crear | Villager (Male) |
| 5:27 | Construir | Mill |
| 5:48 | Crear | Villager (Male) |
| 5:48 | Crear | Villager (Male) |
| 5:48 | Crear | Villager (Male) |
| 5:59 | Crear | Villager (Male) |
| 6:00 | Crear | Villager (Male) |
| 6:00 | Crear | Villager (Male) |
| 6:00 | Crear | Villager (Male) |
| 6:28 | Crear | Villager (Male) |
| 6:52 | Construir | Farm |
| 6:54 | Construir | Farm |
| 7:12 | Construir | Farm |
| 7:59 | Crear | Villager (Male) |
| 8:11 | Crear | Villager (Male) |
| 8:27 | Construir | Mining Camp |
| 8:52 | Investigar | Feudal Age |
| 10:20 | Crear | Villager (Male) |
| 10:20 | Crear | Villager (Male) |
| 10:30 | Construir | House |
| 11:10 | Construir | Farm |
| 11:21 | Edad | Edad Feudal |
| 11:26 | Investigar | Double-Bit Axe |
| 11:28 | Investigar | Horse Collar |
| 11:33 | Investigar | Wheelbarrow |
| 11:44 | Construir | Blacksmith |
| 12:00 | Construir | Lumber Camp |
| 12:32 | Crear | Villager (Male) |
| 12:39 | Construir | Market |
| 13:27 | Investigar | Castle Age |
| 13:38 | Investigar | Gold Mining |
| 13:54 | Construir | Barracks |
| 14:56 | Construir | Archery Range |
| 15:11 | Construir | Archery Range |
| 15:14 | Crear | Villager (Male) |
| 15:22 | Investigar | Fletching |
| 16:07 | Edad | Edad de los Castillos |
| 16:09 | Construir | House |
| 16:12 | Investigar | Bow Saw |
| 16:12 | Investigar | Heavy Plow |
| 16:21 | Construir | Archery Range |
| 16:27 | Crear | Villager (Male) |
| 16:42 | Crear | Unit 1952 |
| 16:43 | Crear | Unit 1952 |
| 16:54 | Construir | House |
| 16:56 | Crear | Villager (Male) |
| 17:11 | Construir | Farm |
| 17:15 | Construir | Farm |
| 17:16 | Crear | Villager (Male) |
| 17:24 | Construir | House |
| 17:28 | Crear | Unit 1952 |
| 17:28 | Crear | Unit 1952 |
| 17:28 | Crear | Unit 1952 |
| 17:31 | Crear | Villager (Male) |
| 17:43 | Crear | Unit 1952 |
| 17:43 | Crear | Unit 1952 |
| 18:02 | Crear | Unit 1952 |
| 18:02 | Crear | Unit 1952 |
| 18:10 | Construir | House |
| 18:11 | Crear | Villager (Male) |
| 18:18 | Crear | Unit 1952 |
| 18:19 | Crear | Unit 1952 |
| 18:26 | Construir | Farm |
| 18:30 | Construir | Farm |
| 18:38 | Crear | Unit 1952 |
| 18:39 | Crear | Unit 1952 |
| 18:43 | Crear | Villager (Male) |
| 18:45 | Construir | House |
| 19:03 | Crear | Unit 1952 |
| 19:03 | Crear | Unit 1952 |
| 19:04 | Crear | Villager (Male) |
| 19:25 | Construir | House |
| 19:31 | Investigar | Bodkin Arrow |
| 19:37 | Crear | Villager (Male) |
| 19:39 | Crear | Unit 1952 |
| 19:39 | Crear | Unit 1952 |
| 19:39 | Crear | Unit 1952 |
| 19:47 | Construir | Town Center |
| 19:57 | Crear | Unit 1952 |
| 19:57 | Crear | Unit 1952 |
| 20:36 | Crear | Villager (Male) |
| 20:39 | Construir | House |
| 20:40 | Construir | House |
| 20:45 | Crear | Unit 1952 |
| 20:45 | Crear | Unit 1952 |
| 20:45 | Crear | Unit 1952 |
| 20:45 | Crear | Unit 1952 |
| 21:07 | Crear | Villager (Male) |
| 21:07 | Crear | Villager (Male) |
| 21:14 | Crear | Villager (Male) |
| 21:14 | Crear | Villager (Male) |
| 21:15 | Crear | Villager (Male) |
| 21:21 | Construir | Mill |
| 21:22 | Construir | Farm |
| 21:22 | Construir | Farm |
| 21:23 | Construir | Farm |
| 21:23 | Construir | Farm |
| 21:23 | Construir | Farm |
| 21:23 | Construir | Farm |
| 21:24 | Crear | Villager (Male) |
| 21:29 | Crear | Unit 1952 |
| 21:29 | Crear | Unit 1952 |
| 21:43 | Construir | University |
| 21:52 | Construir | House |
| 21:53 | Crear | Unit 1952 |
| 21:57 | Crear | Villager (Male) |
| 21:57 | Crear | Villager (Male) |
| 22:25 | Crear | Villager (Male) |
| 22:25 | Crear | Villager (Male) |
| 22:44 | Crear | Villager (Male) |
| 23:07 | Construir | House |
| 23:08 | Construir | House |
| 23:15 | Construir | Farm |
| 23:15 | Construir | Farm |
| 23:16 | Construir | Farm |
| 23:16 | Construir | Farm |
| 23:16 | Construir | Farm |
| 23:16 | Construir | Farm |
| 23:17 | Construir | Farm |
| 23:17 | Construir | Farm |
| 23:17 | Construir | Farm |
| 23:17 | Construir | Farm |
| 23:18 | Construir | Farm |
| 23:21 | Investigar | Ballistics |
| 23:22 | Construir | House |
| 23:46 | Crear | Unit 1952 |
| 23:46 | Crear | Unit 1952 |
| 23:46 | Crear | Unit 1952 |
| 23:46 | Crear | Unit 1952 |
| 23:56 | Construir | House |
Build order — ANKR.DAI
Primeras 150 de 1225 acciones detectadas
| 0:01 | Crear | Villager (Male) ×4 |
| 0:01 | Crear | Villager (Male) ×4 |
| 0:02 | Construir | House |
| 0:57 | Construir | House |
| 0:59 | Construir | House |
| 1:31 | Crear | Villager (Male) |
| 1:56 | Crear | Villager (Male) |
| 2:10 | Construir | Lumber Camp |
| 2:13 | Crear | Villager (Male) |
| 2:36 | Crear | Villager (Male) |
| 2:55 | Crear | Villager (Male) |
| 3:39 | Crear | Villager (Male) |
| 3:42 | Crear | Villager (Male) |
| 3:54 | Construir | House |
| 3:55 | Construir | House |
| 4:21 | Crear | Villager (Male) |
| 4:44 | Crear | Villager (Male) |
| 4:58 | Crear | Villager (Male) |
| 5:29 | Construir | Mill |
| 5:42 | Crear | Villager (Male) |
| 5:48 | Crear | Villager (Male) |
| 5:49 | Crear | Villager (Male) |
| 6:15 | Crear | Villager (Male) |
| 6:17 | Construir | Farm |
| 6:19 | Construir | Farm |
| 6:27 | Construir | Farm |
| 6:31 | Crear | Villager (Male) |
| 6:33 | Crear | Villager (Male) |
| 6:34 | Crear | Villager (Male) |
| 6:39 | Crear | Villager (Male) |
| 6:58 | Crear | Villager (Male) |
| 7:02 | Construir | Farm |
| 7:06 | Construir | Farm |
| 7:33 | Crear | Villager (Male) |
| 7:50 | Construir | Mining Camp |
| 7:53 | Crear | Villager (Male) |
| 8:54 | Construir | Mining Camp |
| 9:24 | Investigar | Feudal Age |
| 10:12 | Construir | Farm |
| 10:55 | Crear | Villager (Male) |
| 11:46 | Edad | Edad Feudal |
| 11:47 | Construir | Market |
| 11:49 | Construir | Blacksmith |
| 11:54 | Crear | Villager (Male) |
| 12:36 | Investigar | Horse Collar |
| 12:43 | Investigar | Castle Age |
| 13:18 | Crear | Villager (Male) |
| 13:36 | Crear | Villager (Male) |
| 15:23 | Edad | Edad de los Castillos |
| 15:26 | Construir | Castle |
| 15:30 | Crear | Villager (Male) |
| 15:37 | Construir | Monastery |
| 15:44 | Investigar | Padded Archer Armor |
| 15:51 | Construir | House |
| 15:54 | Investigar | Wheelbarrow |
| 16:08 | Crear | Villager (Male) |
| 16:22 | Construir | Town Center |
| 16:26 | Crear | Villager (Male) |
| 16:30 | Construir | House |
| 16:30 | Construir | House |
| 16:31 | Crear | Monk |
| 16:36 | Crear | Monk |
| 16:42 | Crear | Villager (Male) |
| 17:02 | Crear | Arambai |
| 17:02 | Crear | Arambai |
| 17:06 | Crear | Villager (Male) |
| 17:23 | Crear | Villager (Male) |
| 17:38 | Crear | Arambai |
| 17:41 | Crear | Villager (Male) |
| 17:45 | Crear | Villager (Male) |
| 17:53 | Crear | Arambai |
| 17:55 | Crear | Villager (Male) |
| 17:57 | Crear | Villager (Male) |
| 18:04 | Crear | Villager (Male) |
| 18:14 | Crear | Villager (Male) |
| 18:25 | Crear | Villager (Male) |
| 18:27 | Crear | Villager (Male) |
| 18:28 | Crear | Villager (Male) |
| 18:36 | Crear | Arambai |
| 19:01 | Crear | Arambai |
| 19:01 | Crear | Villager (Male) |
| 19:07 | Crear | Monk |
| 19:33 | Crear | Arambai |
| 19:33 | Crear | Villager (Male) |
| 19:44 | Crear | Villager (Male) |
| 19:49 | Crear | Petard |
| 19:55 | Crear | Petard |
| 20:03 | Crear | Arambai |
| 20:03 | Crear | Arambai |
| 20:28 | Crear | Arambai |
| 20:32 | Crear | Villager (Male) |
| 20:35 | Construir | Farm |
| 20:35 | Construir | Farm |
| 20:35 | Construir | Farm |
| 20:36 | Construir | Farm |
| 20:36 | Construir | Farm |
| 20:37 | Crear | Villager (Male) |
| 20:37 | Crear | Villager (Male) |
| 20:57 | Crear | Arambai |
| 21:01 | Construir | Siege Workshop |
| 21:08 | Crear | Arambai |
| 21:24 | Crear | Arambai |
| 21:31 | Investigar | Loom |
| 21:31 | Investigar | Loom |
| 21:36 | Construir | Farm |
| 21:37 | Construir | Farm |
| 21:41 | Construir | Farm |
| 21:42 | Crear | Arambai |
| 21:42 | Crear | Arambai |
| 21:44 | Crear | Villager (Male) |
| 21:51 | Crear | Mangonel |
| 21:53 | Crear | Arambai |
| 22:03 | Crear | Villager (Male) |
| 22:10 | Crear | Monk |
| 22:17 | Crear | Villager (Male) |
| 22:24 | Construir | Barracks |
| 22:35 | Crear | Villager (Male) |
| 22:40 | Crear | Arambai |
| 22:41 | Crear | Villager (Male) |
| 22:42 | Construir | House |
| 22:45 | Construir | House |
| 22:46 | Crear | Arambai |
| 23:10 | Crear | Arambai |
| 23:12 | Crear | Villager (Male) |
| 23:45 | Crear | Arambai |
| 23:46 | Crear | Villager (Male) |
| 23:48 | Construir | Stable |
| 24:04 | Crear | Villager (Male) |
| 24:08 | Crear | Mangonel |
| 24:10 | Construir | Castle |
| 24:17 | Crear | Arambai |
| 24:25 | Crear | Villager (Male) |
| 24:38 | Crear | Villager (Male) |
| 24:41 | Crear | Arambai |
| 24:41 | Crear | Arambai |
| 24:42 | Crear | Villager (Male) |
| 24:48 | Investigar | Husbandry |
| 24:58 | Crear | Arambai |
| 24:58 | Crear | Villager (Male) |
| 25:21 | Crear | Arambai |
| 25:23 | Construir | House |
| 25:23 | Construir | House |
| 25:24 | Construir | House |
| 25:33 | Construir | Outpost |
| 25:35 | Construir | House |
| 25:35 | Construir | House |
| 25:55 | Construir | Lumber Camp |
| 26:01 | Investigar | Bloodlines |
| 26:03 | Crear | Arambai |
| 26:04 | Crear | Villager (Male) |
Build order — Ray.bb
Primeras 150 de 724 acciones detectadas
| 0:00 | Crear | Villager (Male) |
| 0:01 | Crear | Villager (Male) |
| 0:03 | Construir | House |
| 0:04 | Construir | House |
| 0:06 | Crear | Villager (Male) |
| 0:06 | Crear | Villager (Male) |
| 0:06 | Crear | Villager (Male) |
| 1:24 | Crear | Villager (Male) |
| 1:45 | Construir | Lumber Camp |
| 1:51 | Crear | Villager (Male) |
| 1:51 | Crear | Villager (Male) |
| 2:23 | Crear | Villager (Male) |
| 2:49 | Crear | Villager (Male) |
| 3:03 | Crear | Villager (Male) |
| 3:28 | Crear | Villager (Male) |
| 3:49 | Construir | House |
| 3:49 | Construir | House |
| 3:51 | Construir | House |
| 3:56 | Crear | Villager (Male) |
| 4:06 | Crear | Villager (Male) |
| 4:06 | Crear | Villager (Male) |
| 4:58 | Crear | Villager (Male) |
| 4:58 | Crear | Villager (Male) |
| 4:59 | Crear | Villager (Male) |
| 5:15 | Construir | Mill |
| 5:28 | Crear | Villager (Male) |
| 5:28 | Crear | Villager (Male) |
| 5:46 | Crear | Villager (Male) |
| 5:54 | Construir | Mining Camp |
| 6:28 | Construir | Farm |
| 6:45 | Crear | Villager (Male) |
| 6:52 | Construir | Farm |
| 7:03 | Crear | Villager (Male) |
| 7:37 | Crear | Villager (Male) |
| 8:15 | Construir | Mining Camp |
| 8:30 | Investigar | Feudal Age |
| 10:17 | Crear | Villager (Male) |
| 10:26 | Crear | Villager (Male) |
| 10:56 | Edad | Edad Feudal |
| 10:58 | Construir | Market |
| 11:05 | Construir | Blacksmith |
| 12:03 | Investigar | Castle Age |
| 12:35 | Construir | Farm |
| 12:49 | Construir | Farm |
| 13:09 | Crear | Villager (Male) |
| 13:45 | Investigar | Loom |
| 13:47 | Crear | Villager (Male) |
| 14:11 | Crear | Villager (Male) |
| 14:43 | Edad | Edad de los Castillos |
| 14:46 | Construir | Castle |
| 14:51 | Investigar | Double-Bit Axe |
| 14:51 | Investigar | Horse Collar |
| 15:14 | Crear | Villager (Male) |
| 15:28 | Construir | Farm |
| 15:35 | Crear | Villager (Male) |
| 15:37 | Construir | Farm |
| 15:44 | Crear | Villager (Male) |
| 16:00 | Construir | Farm |
| 16:05 | Construir | House |
| 16:19 | Investigar | Wheelbarrow |
| 16:36 | Crear | Janissary |
| 16:41 | Crear | Janissary |
| 16:45 | Crear | Villager (Male) |
| 17:02 | Crear | Janissary |
| 17:17 | Construir | Town Center |
| 17:24 | Crear | Villager (Male) |
| 17:30 | Crear | Janissary |
| 17:36 | Construir | Farm |
| 17:42 | Construir | Farm |
| 17:46 | Crear | Janissary |
| 17:48 | Crear | Villager (Male) |
| 17:48 | Crear | Villager (Male) |
| 17:48 | Crear | Villager (Male) |
| 18:00 | Construir | Farm |
| 18:13 | Crear | Villager (Male) |
| 18:19 | Crear | Janissary |
| 18:23 | Crear | Janissary |
| 18:29 | Construir | Farm |
| 18:35 | Construir | Farm |
| 18:49 | Crear | Villager (Male) |
| 18:56 | Crear | Janissary |
| 19:04 | Construir | Farm |
| 19:07 | Construir | Farm |
| 19:08 | Crear | Villager (Male) |
| 19:10 | Construir | Farm |
| 19:27 | Crear | Janissary |
| 19:33 | Construir | Farm |
| 19:34 | Crear | Villager (Male) |
| 19:45 | Construir | Farm |
| 19:46 | Crear | Villager (Male) |
| 19:48 | Construir | Farm |
| 20:00 | Crear | Janissary |
| 20:07 | Construir | Farm |
| 20:08 | Crear | Villager (Male) |
| 20:11 | Crear | Janissary |
| 20:19 | Construir | Lumber Camp |
| 20:33 | Crear | Janissary |
| 20:44 | Crear | Villager (Male) |
| 20:47 | Construir | Farm |
| 20:48 | Construir | Farm |
| 20:53 | Crear | Janissary |
| 20:54 | Crear | Villager (Male) |
| 21:02 | Crear | Villager (Male) |
| 21:14 | Crear | Janissary |
| 21:19 | Construir | Farm |
| 21:23 | Investigar | Bow Saw |
| 21:39 | Crear | Villager (Male) |
| 21:46 | Crear | Villager (Male) |
| 21:52 | Construir | House |
| 21:53 | Construir | House |
| 21:54 | Crear | Janissary |
| 21:58 | Crear | Villager (Male) |
| 22:04 | Crear | Villager (Male) |
| 22:10 | Construir | Farm |
| 22:11 | Construir | Farm |
| 22:12 | Construir | Farm |
| 22:12 | Crear | Villager (Male) |
| 22:28 | Crear | Janissary |
| 22:35 | Crear | Villager (Male) |
| 22:42 | Construir | Farm |
| 22:42 | Crear | Villager (Male) |
| 22:43 | Crear | Villager (Male) |
| 22:51 | Construir | Farm |
| 22:52 | Crear | Villager (Male) |
| 23:09 | Crear | Villager (Male) |
| 23:11 | Construir | Farm |
| 23:12 | Crear | Janissary |
| 23:13 | Construir | Farm |
| 23:14 | Crear | Villager (Male) |
| 23:28 | Crear | Janissary |
| 23:40 | Crear | Janissary |
| 23:40 | Crear | Villager (Male) |
| 23:50 | Crear | Janissary |
| 23:52 | Crear | Villager (Male) |
| 23:57 | Construir | House |
| 23:58 | Construir | House |
| 24:04 | Crear | Janissary |
| 24:38 | Crear | Janissary |
| 24:39 | Crear | Villager (Male) |
| 24:42 | Construir | Farm |
| 24:51 | Construir | House |
| 24:53 | Construir | House |
| 24:54 | Construir | Farm |
| 24:55 | Crear | Villager (Male) |
| 25:13 | Construir | Farm |
| 25:14 | Crear | Villager (Male) |
| 25:20 | Investigar | Gold Mining |
| 25:58 | Construir | Farm |
| 26:01 | Construir | Siege Workshop |
| 26:07 | Investigar | Loom |
Build order — TW_Dinko
Primeras 150 de 579 acciones detectadas
| 0:01 | Crear | Villager (Male) ×4 |
| 0:02 | Construir | House |
| 0:03 | Construir | House |
| 1:24 | Crear | Villager (Male) |
| 1:24 | Crear | Villager (Male) |
| 1:51 | Crear | Villager (Male) |
| 1:51 | Crear | Villager (Male) |
| 2:15 | Crear | Villager (Male) |
| 2:26 | Construir | House |
| 2:28 | Construir | House |
| 2:30 | Construir | Lumber Camp |
| 2:39 | Crear | Villager (Male) |
| 2:39 | Crear | Villager (Male) |
| 3:13 | Crear | Villager (Male) |
| 3:29 | Crear | Villager (Male) |
| 3:29 | Crear | Villager (Male) |
| 3:56 | Crear | Villager (Male) |
| 4:30 | Crear | Villager (Male) |
| 5:01 | Crear | Villager (Male) |
| 5:40 | Construir | Mill |
| 5:43 | Construir | Mill |
| 5:49 | Crear | Villager (Male) |
| 6:17 | Crear | Villager (Male) |
| 6:17 | Crear | Villager (Male) |
| 6:38 | Construir | House |
| 6:44 | Crear | Villager (Male) |
| 7:00 | Crear | Villager (Male) |
| 7:35 | Construir | Mining Camp |
| 7:39 | Crear | Villager (Male) |
| 7:42 | Construir | Farm |
| 7:55 | Crear | Villager (Male) |
| 8:14 | Construir | Farm |
| 8:16 | Construir | Farm |
| 8:28 | Crear | Villager (Male) |
| 9:07 | Investigar | Feudal Age |
| 9:24 | Crear | Villager (Male) |
| 9:24 | Crear | Villager (Male) |
| 11:22 | Edad | Edad Feudal |
| 11:24 | Construir | Blacksmith |
| 11:27 | Construir | Market |
| 12:02 | Construir | House |
| 12:16 | Investigar | Castle Age |
| 12:16 | Investigar | Castle Age |
| 12:21 | Investigar | Horse Collar |
| 12:22 | Investigar | Double-Bit Axe |
| 12:52 | Construir | Farm |
| 12:53 | Construir | Farm |
| 13:05 | Construir | Farm |
| 13:33 | Crear | Villager (Male) |
| 13:33 | Crear | Villager (Male) |
| 14:40 | Crear | Villager (Male) |
| 14:56 | Edad | Edad de los Castillos |
| 15:02 | Construir | Town Center |
| 15:05 | Construir | Town Center |
| 15:10 | Crear | Villager (Male) |
| 15:15 | Investigar | Heavy Plow |
| 15:19 | Investigar | Bow Saw |
| 15:54 | Crear | Villager (Male) |
| 15:59 | Construir | Farm |
| 16:02 | Construir | Farm |
| 16:02 | Construir | Farm |
| 16:05 | Construir | Farm |
| 16:15 | Crear | Villager (Male) |
| 16:27 | Construir | Farm |
| 16:33 | Crear | Villager (Male) ×3 |
| 16:39 | Crear | Villager (Male) |
| 16:40 | Crear | Villager (Male) |
| 16:40 | Crear | Villager (Male) |
| 16:54 | Construir | Town Center |
| 17:02 | Crear | Villager (Male) ×2 |
| 17:10 | Crear | Villager (Male) |
| 17:11 | Crear | Villager (Male) |
| 17:18 | Construir | Farm |
| 17:18 | Construir | Farm |
| 17:21 | Construir | Farm |
| 17:24 | Construir | Farm |
| 17:25 | Crear | Villager (Male) |
| 17:35 | Construir | House |
| 17:40 | Construir | House |
| 17:40 | Construir | House |
| 17:43 | Crear | Villager (Male) ×2 |
| 17:43 | Crear | Villager (Male) ×2 |
| 17:49 | Construir | Farm |
| 17:55 | Construir | Farm |
| 17:59 | Crear | Villager (Male) |
| 17:59 | Crear | Villager (Male) |
| 18:00 | Crear | Villager (Male) |
| 18:12 | Construir | Farm |
| 18:15 | Construir | Farm |
| 18:19 | Crear | Villager (Male) |
| 18:26 | Crear | Villager (Male) |
| 18:30 | Construir | Farm |
| 18:37 | Crear | Villager (Male) |
| 18:42 | Construir | Farm |
| 18:46 | Construir | Farm |
| 18:53 | Crear | Villager (Male) |
| 18:53 | Crear | Villager (Male) ×2 |
| 18:57 | Construir | Mining Camp |
| 19:03 | Construir | House |
| 19:04 | Construir | House |
| 19:05 | Crear | Villager (Male) |
| 19:11 | Construir | Farm |
| 19:12 | Crear | Villager (Male) |
| 19:12 | Crear | Villager (Male) |
| 19:15 | Construir | Farm |
| 19:16 | Crear | Villager (Male) |
| 19:30 | Construir | Farm |
| 19:32 | Construir | Farm |
| 19:33 | Crear | Villager (Male) |
| 19:33 | Crear | Villager (Male) |
| 19:34 | Crear | Villager (Male) |
| 19:37 | Construir | House |
| 19:38 | Construir | House |
| 19:39 | Construir | House |
| 19:40 | Crear | Villager (Male) |
| 19:48 | Construir | Farm |
| 19:49 | Crear | Villager (Male) |
| 19:54 | Crear | Villager (Male) |
| 20:01 | Construir | Farm |
| 20:01 | Construir | Farm |
| 20:01 | Construir | Farm |
| 20:04 | Crear | Villager (Male) |
| 20:06 | Crear | Villager (Male) |
| 20:09 | Construir | Farm |
| 20:20 | Crear | Villager (Male) ×2 |
| 20:25 | Construir | Farm |
| 20:28 | Construir | Farm |
| 20:32 | Crear | Villager (Male) |
| 20:39 | Crear | Villager (Male) |
| 20:50 | Investigar | Wheelbarrow |
| 21:01 | Construir | Siege Workshop |
| 21:02 | Crear | Villager (Male) |
| 21:07 | Crear | Villager (Male) |
| 21:08 | Crear | Villager (Male) |
| 21:13 | Construir | Farm |
| 21:14 | Crear | Villager (Male) |
| 21:23 | Crear | Villager (Male) ×3 |
| 21:23 | Crear | Villager (Male) ×3 |
| 21:34 | Construir | House |
| 21:34 | Construir | House |
| 21:36 | Construir | House |
| 21:43 | Crear | Villager (Male) ×3 |
| 21:43 | Crear | Villager (Male) ×3 |
| 21:55 | Construir | Farm |
| 21:56 | Construir | Farm |
| 22:01 | Construir | Lumber Camp |
| 22:02 | Crear | Villager (Male) ×5 |
| 22:07 | Construir | Farm |
| 22:07 | Construir | Farm |
| 22:22 | Investigar | Stone Mining |
Build order — 椎名真晝我婆
Primeras 150 de 794 acciones detectadas
| 0:01 | Crear | Villager (Male) |
| 0:01 | Crear | Villager (Male) |
| 0:04 | Construir | House |
| 0:06 | Construir | House |
| 0:29 | Crear | Villager (Male) |
| 0:30 | Crear | Villager (Male) |
| 0:30 | Crear | Villager (Male) |
| 1:28 | Crear | Villager (Male) |
| 1:28 | Crear | Villager (Male) |
| 1:48 | Construir | Lumber Camp |
| 1:56 | Crear | Villager (Male) |
| 1:57 | Crear | Villager (Male) |
| 2:24 | Crear | Villager (Male) |
| 2:24 | Crear | Villager (Male) |
| 2:45 | Crear | Villager (Male) |
| 3:08 | Crear | Villager (Male) |
| 3:09 | Crear | Villager (Male) |
| 3:39 | Construir | House |
| 3:50 | Crear | Villager (Male) |
| 3:50 | Crear | Villager (Male) |
| 3:56 | Construir | Mill |
| 4:01 | Crear | Villager (Male) |
| 4:28 | Crear | Villager (Male) |
| 4:28 | Crear | Villager (Male) |
| 4:53 | Crear | Villager (Male) |
| 5:13 | Crear | Villager (Male) |
| 5:33 | Construir | House |
| 5:38 | Crear | Villager (Male) |
| 5:38 | Crear | Villager (Male) |
| 6:37 | Crear | Villager (Male) |
| 6:37 | Crear | Villager (Male) |
| 7:17 | Crear | Villager (Male) |
| 7:53 | Investigar | Feudal Age |
| 7:53 | Investigar | Feudal Age |
| 9:05 | Crear | Villager (Male) |
| 9:06 | Crear | Villager (Male) |
| 10:10 | Edad | Edad Feudal |
| 10:14 | Construir | Market |
| 10:19 | Construir | Blacksmith |
| 11:10 | Investigar | Castle Age |
| 11:32 | Investigar | Horse Collar |
| 11:32 | Investigar | Horse Collar |
| 11:37 | Construir | Farm |
| 11:40 | Construir | Farm |
| 11:44 | Construir | Farm |
| 11:48 | Construir | Farm |
| 11:51 | Construir | Farm |
| 12:17 | Construir | Farm |
| 12:39 | Construir | House |
| 13:16 | Crear | Villager (Male) |
| 13:16 | Crear | Villager (Male) |
| 13:50 | Edad | Edad de los Castillos |
| 13:57 | Construir | Town Center |
| 14:14 | Crear | Villager (Male) |
| 14:19 | Investigar | Double-Bit Axe |
| 14:19 | Investigar | Double-Bit Axe |
| 14:43 | Crear | Villager (Male) |
| 14:58 | Construir | Town Center |
| 15:00 | Crear | Villager (Male) |
| 15:06 | Construir | House |
| 15:11 | Investigar | Bow Saw |
| 15:11 | Investigar | Bow Saw |
| 15:16 | Crear | Villager (Male) |
| 15:17 | Crear | Villager (Male) |
| 15:20 | Construir | Farm |
| 15:24 | Construir | Farm |
| 15:28 | Crear | Villager (Male) |
| 15:35 | Crear | Villager (Male) |
| 15:49 | Crear | Villager (Male) |
| 15:58 | Construir | Farm |
| 16:04 | Construir | Farm |
| 16:05 | Crear | Villager (Male) |
| 16:21 | Crear | Villager (Male) |
| 16:21 | Crear | Villager (Male) |
| 16:27 | Construir | Farm |
| 16:30 | Construir | Farm |
| 16:36 | Construir | Farm |
| 16:37 | Crear | Villager (Male) |
| 16:37 | Crear | Villager (Male) |
| 16:37 | Crear | Villager (Male) |
| 16:55 | Construir | Farm |
| 17:04 | Construir | Farm |
| 17:05 | Crear | Villager (Male) |
| 17:05 | Crear | Villager (Male) |
| 17:12 | Construir | House |
| 17:12 | Crear | Villager (Male) |
| 17:12 | Crear | Villager (Male) |
| 17:21 | Construir | Farm |
| 17:25 | Construir | Farm |
| 17:26 | Crear | Villager (Male) |
| 17:26 | Crear | Villager (Male) |
| 17:30 | Construir | House |
| 17:31 | Construir | House |
| 17:39 | Construir | Farm |
| 17:39 | Crear | Villager (Male) |
| 17:42 | Construir | Farm |
| 17:48 | Crear | Villager (Male) |
| 17:53 | Construir | Farm |
| 17:58 | Crear | Villager (Male) |
| 17:58 | Crear | Villager (Male) |
| 18:04 | Crear | Villager (Male) |
| 18:11 | Crear | Villager (Male) |
| 18:17 | Crear | Villager (Male) |
| 18:18 | Crear | Villager (Male) |
| 18:38 | Crear | Villager (Male) |
| 18:38 | Crear | Villager (Male) |
| 18:45 | Construir | Town Center |
| 18:47 | Crear | Villager (Male) |
| 18:47 | Crear | Villager (Male) |
| 18:55 | Construir | House |
| 18:56 | Construir | House |
| 18:58 | Construir | House |
| 18:59 | Construir | House |
| 19:00 | Crear | Villager (Male) |
| 19:00 | Crear | Villager (Male) |
| 19:05 | Construir | Farm |
| 19:09 | Construir | Farm |
| 19:15 | Construir | Farm |
| 19:15 | Crear | Villager (Male) |
| 19:16 | Crear | Villager (Male) |
| 19:16 | Crear | Villager (Male) |
| 19:21 | Construir | Farm |
| 19:24 | Construir | Farm |
| 19:25 | Crear | Villager (Male) |
| 19:25 | Crear | Villager (Male) |
| 19:30 | Construir | Farm |
| 19:30 | Crear | Villager (Male) |
| 19:31 | Crear | Villager (Male) |
| 19:37 | Construir | Farm |
| 19:39 | Crear | Villager (Male) |
| 19:39 | Crear | Villager (Male) |
| 19:43 | Construir | Farm |
| 19:47 | Crear | Villager (Male) |
| 19:47 | Crear | Villager (Male) |
| 19:50 | Construir | Farm |
| 19:52 | Crear | Villager (Male) |
| 19:56 | Crear | Villager (Male) |
| 20:10 | Construir | House |
| 20:13 | Crear | Villager (Male) |
| 20:30 | Construir | Town Center |
| 20:33 | Crear | Villager (Male) |
| 20:34 | Crear | Villager (Male) |
| 20:35 | Crear | Villager (Male) |
| 20:35 | Crear | Villager (Male) |
| 20:40 | Crear | Villager (Male) |
| 20:40 | Crear | Villager (Male) |
| 20:47 | Construir | Farm |
| 20:48 | Construir | Farm |
| 20:48 | Construir | Farm |
| 20:48 | Construir | Farm |
Build order — ANKR.Navvy
Primeras 150 de 741 acciones detectadas
| 0:01 | Crear | Villager (Male) ×4 |
| 0:01 | Crear | Villager (Male) ×4 |
| 0:02 | Construir | House |
| 0:03 | Construir | House |
| 1:27 | Crear | Villager (Male) |
| 1:45 | Construir | Lumber Camp |
| 1:49 | Crear | Villager (Male) |
| 2:26 | Crear | Villager (Male) |
| 2:54 | Crear | Villager (Male) |
| 3:06 | Crear | Villager (Male) |
| 3:34 | Crear | Villager (Male) |
| 4:00 | Crear | Villager (Male) |
| 4:10 | Construir | House |
| 4:24 | Crear | Villager (Male) |
| 4:24 | Crear | Villager (Male) |
| 4:35 | Construir | House |
| 4:51 | Crear | Villager (Male) |
| 4:51 | Crear | Villager (Male) |
| 5:13 | Construir | Mill |
| 5:51 | Crear | Villager (Male) |
| 6:02 | Crear | Villager (Male) |
| 6:17 | Crear | Villager (Male) |
| 6:38 | Crear | Villager (Male) |
| 6:56 | Construir | Farm |
| 6:58 | Construir | Farm |
| 7:15 | Construir | Lumber Camp |
| 7:18 | Crear | Villager (Male) |
| 7:50 | Crear | Villager (Male) |
| 8:11 | Construir | House |
| 8:19 | Crear | Villager (Male) |
| 8:46 | Crear | Villager (Male) |
| 8:55 | Construir | Mining Camp |
| 9:11 | Crear | Villager (Male) |
| 9:14 | Construir | Farm |
| 9:36 | Investigar | Feudal Age |
| 11:48 | Edad | Edad Feudal |
| 11:50 | Construir | Market |
| 11:52 | Construir | Blacksmith |
| 12:03 | Crear | Villager (Male) |
| 12:03 | Crear | Villager (Male) |
| 12:19 | Investigar | Double-Bit Axe |
| 12:53 | Investigar | Castle Age |
| 12:58 | Investigar | Horse Collar |
| 13:04 | Construir | Farm |
| 13:06 | Construir | Farm |
| 13:16 | Construir | Farm |
| 13:23 | Construir | Farm |
| 13:30 | Construir | Farm |
| 13:48 | Construir | House |
| 13:49 | Construir | House |
| 13:51 | Construir | House |
| 15:07 | Crear | Villager (Male) |
| 15:33 | Edad | Edad de los Castillos |
| 15:36 | Construir | Siege Workshop |
| 15:39 | Construir | Siege Workshop |
| 15:43 | Investigar | Bow Saw |
| 15:59 | Crear | Villager (Male) |
| 16:19 | Crear | Villager (Male) |
| 16:24 | Crear | Battering Ram |
| 16:25 | Crear | Scorpion |
| 16:44 | Investigar | Heavy Plow |
| 16:45 | Investigar | Wheelbarrow |
| 16:49 | Crear | Villager (Male) |
| 17:06 | Crear | Villager (Male) |
| 17:09 | Construir | Town Center |
| 17:14 | Crear | Battering Ram |
| 17:19 | Crear | Scorpion |
| 17:31 | Crear | Villager (Male) |
| 17:51 | Crear | Battering Ram |
| 17:58 | Crear | Villager (Male) |
| 18:06 | Construir | Mining Camp |
| 18:16 | Crear | Villager (Male) |
| 18:18 | Crear | Scorpion |
| 18:25 | Crear | Villager (Male) |
| 18:44 | Crear | Villager (Male) |
| 18:44 | Crear | Villager (Male) |
| 18:48 | Crear | Scorpion |
| 19:00 | Crear | Scorpion |
| 19:10 | Crear | Villager (Male) |
| 19:10 | Crear | Villager (Male) |
| 19:11 | Construir | Farm |
| 19:21 | Crear | Scorpion |
| 19:25 | Crear | Villager (Male) |
| 19:29 | Construir | House |
| 19:36 | Crear | Scorpion |
| 19:39 | Construir | House |
| 19:44 | Construir | House |
| 19:54 | Construir | House |
| 19:55 | Construir | House |
| 19:58 | Crear | Scorpion |
| 20:12 | Crear | Villager (Male) |
| 20:25 | Investigar | Loom |
| 20:26 | Crear | Villager (Male) |
| 20:33 | Crear | Scorpion |
| 20:42 | Crear | Villager (Male) |
| 20:48 | Crear | Scorpion |
| 20:48 | Crear | Scorpion |
| 20:55 | Crear | Villager (Male) |
| 21:04 | Crear | Villager (Male) |
| 21:06 | Construir | Town Center |
| 21:09 | Crear | Scorpion |
| 21:19 | Crear | Battering Ram |
| 21:25 | Construir | House |
| 21:26 | Construir | House |
| 21:26 | Construir | House |
| 21:26 | Construir | House |
| 21:29 | Crear | Villager (Male) |
| 21:30 | Crear | Villager (Male) |
| 21:36 | Investigar | Heavy Plow |
| 21:48 | Crear | Villager (Male) |
| 21:49 | Crear | Villager (Male) |
| 21:51 | Construir | Farm |
| 21:52 | Construir | Farm |
| 21:54 | Crear | Scorpion |
| 22:09 | Investigar | Gold Mining |
| 22:10 | Crear | Villager (Male) |
| 22:10 | Crear | Villager (Male) |
| 22:21 | Crear | Villager (Male) |
| 22:22 | Crear | Villager (Male) |
| 22:38 | Crear | Battering Ram |
| 22:41 | Crear | Villager (Male) |
| 22:55 | Crear | Battering Ram |
| 23:06 | Crear | Villager (Male) |
| 23:06 | Crear | Villager (Male) |
| 23:12 | Crear | Villager (Male) |
| 23:12 | Crear | Villager (Male) |
| 23:13 | Construir | Farm |
| 23:14 | Construir | Farm |
| 23:14 | Construir | Farm |
| 23:17 | Construir | Farm |
| 23:17 | Construir | Farm |
| 23:17 | Construir | Farm |
| 23:17 | Construir | Farm |
| 23:18 | Construir | Farm |
| 23:18 | Construir | Farm |
| 23:18 | Construir | Farm |
| 23:29 | Crear | Scorpion |
| 23:29 | Crear | Scorpion |
| 23:29 | Crear | Scorpion |
| 24:00 | Crear | Villager (Male) ×3 |
| 24:01 | Crear | Scorpion |
| 24:01 | Crear | Scorpion |
| 24:09 | Crear | Villager (Male) |
| 24:22 | Construir | Farm |
| 24:22 | Construir | Farm |
| 24:24 | Construir | Farm |
| 24:26 | Crear | Iron Pagoda |
| 24:36 | Crear | Scorpion |
| 24:37 | Crear | Scorpion |
| 24:47 | Construir | Farm |
Build order — Kou_Bs
Primeras 150 de 850 acciones detectadas
| 0:01 | Crear | Villager (Male) |
| 0:01 | Crear | Villager (Male) |
| 0:03 | Construir | House |
| 0:04 | Construir | House |
| 0:14 | Crear | Villager (Male) |
| 0:14 | Crear | Villager (Male) |
| 1:29 | Crear | Villager (Male) |
| 1:29 | Crear | Villager (Male) |
| 1:56 | Construir | Mule Cart |
| 2:01 | Crear | Villager (Male) |
| 2:30 | Crear | Villager (Male) |
| 2:33 | Crear | Villager (Male) |
| 3:21 | Crear | Villager (Male) |
| 3:21 | Crear | Villager (Male) |
| 3:29 | Construir | House |
| 3:42 | Crear | Villager (Male) |
| 3:46 | Construir | House |
| 3:47 | Construir | House |
| 3:48 | Construir | House |
| 4:10 | Crear | Villager (Male) |
| 4:21 | Construir | Mill |
| 4:44 | Crear | Villager (Male) |
| 5:34 | Crear | Villager (Male) |
| 5:34 | Crear | Villager (Male) |
| 6:03 | Crear | Villager (Male) |
| 6:04 | Crear | Villager (Male) |
| 6:18 | Crear | Villager (Male) |
| 6:40 | Crear | Villager (Male) |
| 6:57 | Construir | Farm |
| 7:18 | Construir | Farm |
| 7:21 | Construir | Farm |
| 7:41 | Construir | Farm |
| 7:45 | Construir | Farm |
| 7:47 | Crear | Villager (Male) |
| 7:48 | Crear | Villager (Male) |
| 7:48 | Crear | Villager (Male) |
| 8:42 | Construir | Mule Cart |
| 9:00 | Investigar | Feudal Age |
| 10:25 | Crear | Villager (Male) |
| 10:25 | Crear | Villager (Male) |
| 11:12 | Edad | Edad Feudal |
| 11:14 | Construir | Blacksmith |
| 11:16 | Construir | Market |
| 12:06 | Investigar | Castle Age |
| 12:06 | Investigar | Castle Age |
| 13:31 | Investigar | Double-Bit Axe |
| 13:32 | Investigar | Horse Collar |
| 14:46 | Edad | Edad de los Castillos |
| 14:51 | Crear | Villager (Male) |
| 14:53 | Crear | Villager (Male) |
| 15:36 | Construir | Castle |
| 15:40 | Crear | Villager (Male) |
| 16:02 | Construir | Town Center |
| 16:19 | Crear | Villager (Male) |
| 16:19 | Crear | Villager (Male) |
| 16:22 | Construir | Farm |
| 16:32 | Investigar | Bow Saw |
| 16:48 | Construir | Farm |
| 17:12 | Construir | Farm |
| 17:19 | Crear | Villager (Male) |
| 17:21 | Crear | Villager (Male) |
| 17:31 | Construir | Building 490 |
| 17:37 | Construir | House |
| 17:38 | Crear | Villager (Male) |
| 17:38 | Crear | Villager (Male) |
| 17:47 | Crear | Villager (Male) |
| 17:47 | Crear | Villager (Male) |
| 17:53 | Construir | Farm |
| 17:58 | Construir | Farm |
| 18:30 | Construir | Town Center |
| 18:36 | Crear | Composite Bowman |
| 18:38 | Construir | House |
| 18:59 | Investigar | Loom |
| 19:00 | Investigar | Wheelbarrow |
| 19:08 | Investigar | Wheelbarrow |
| 19:09 | Crear | Villager (Male) |
| 19:09 | Crear | Villager (Male) |
| 19:19 | Crear | Villager (Male) |
| 19:19 | Crear | Villager (Male) |
| 19:30 | Crear | Composite Bowman |
| 19:33 | Construir | House |
| 19:36 | Construir | House |
| 19:48 | Investigar | Padded Archer Armor |
| 20:10 | Construir | University |
| 20:12 | Crear | Villager (Male) |
| 20:16 | Crear | Composite Bowman |
| 20:17 | Investigar | Fletching |
| 20:22 | Construir | House |
| 20:25 | Crear | Villager (Male) |
| 20:26 | Crear | Villager (Male) |
| 20:30 | Construir | Farm |
| 20:30 | Construir | Farm |
| 20:30 | Construir | Farm |
| 20:31 | Construir | Farm |
| 20:36 | Crear | Composite Bowman |
| 20:36 | Crear | Composite Bowman |
| 20:56 | Construir | Farm |
| 20:57 | Construir | Farm |
| 20:59 | Construir | Farm |
| 21:00 | Construir | Farm |
| 21:06 | Crear | Composite Bowman |
| 21:06 | Crear | Composite Bowman |
| 21:23 | Construir | House |
| 21:24 | Crear | Composite Bowman |
| 21:30 | Crear | Villager (Male) |
| 21:30 | Crear | Villager (Male) |
| 21:30 | Crear | Villager (Male) |
| 21:43 | Crear | Composite Bowman |
| 21:53 | Crear | Villager (Male) |
| 21:53 | Crear | Villager (Male) |
| 21:54 | Crear | Villager (Male) |
| 21:58 | Construir | House |
| 22:08 | Crear | Composite Bowman |
| 22:14 | Crear | Villager (Male) |
| 22:14 | Crear | Villager (Male) |
| 22:17 | Crear | Composite Bowman |
| 22:33 | Construir | Farm |
| 22:35 | Construir | Farm |
| 22:36 | Construir | Farm |
| 22:36 | Construir | Farm |
| 22:37 | Construir | Farm |
| 22:39 | Construir | Farm |
| 22:41 | Crear | Villager (Male) |
| 22:41 | Crear | Villager (Male) |
| 22:49 | Crear | Villager (Male) |
| 22:51 | Construir | House |
| 22:55 | Crear | Composite Bowman |
| 23:13 | Investigar | Bodkin Arrow |
| 23:15 | Crear | Composite Bowman |
| 23:36 | Crear | Composite Bowman |
| 23:37 | Crear | Composite Bowman |
| 23:40 | Crear | Villager (Male) |
| 23:40 | Crear | Villager (Male) |
| 23:40 | Crear | Villager (Male) |
| 23:41 | Crear | Villager (Male) |
| 23:57 | Investigar | Ballistics |
| 24:01 | Crear | Composite Bowman |
| 24:02 | Crear | Composite Bowman |
| 24:06 | Crear | Villager (Male) |
| 24:06 | Crear | Villager (Male) |
| 24:23 | Crear | Composite Bowman |
| 24:23 | Crear | Composite Bowman |
| 24:25 | Crear | Villager (Male) |
| 24:25 | Crear | Villager (Male) |
| 24:25 | Crear | Villager (Male) |
| 24:47 | Crear | Composite Bowman |
| 24:47 | Crear | Composite Bowman |
| 25:03 | Crear | Composite Bowman |
| 25:03 | Crear | Composite Bowman |
| 25:03 | Crear | Composite Bowman |
Build order — TW_KA
Primeras 150 de 1198 acciones detectadas
| 0:03 | Construir | House |
| 0:05 | Construir | House |
| 0:05 | Crear | Villager (Male) |
| 0:06 | Crear | Villager (Male) |
| 0:06 | Crear | Villager (Male) |
| 0:06 | Crear | Villager (Male) |
| 1:32 | Crear | Villager (Male) |
| 1:51 | Construir | Lumber Camp |
| 1:55 | Crear | Villager (Male) |
| 1:55 | Crear | Villager (Male) |
| 2:36 | Crear | Villager (Male) |
| 2:37 | Crear | Villager (Male) |
| 3:08 | Crear | Villager (Male) |
| 3:33 | Crear | Villager (Male) |
| 3:33 | Crear | Villager (Male) |
| 3:34 | Crear | Villager (Male) |
| 3:38 | Construir | House |
| 3:39 | Construir | House |
| 3:41 | Construir | House |
| 4:14 | Crear | Villager (Male) |
| 4:47 | Construir | Mill |
| 5:39 | Construir | Farm |
| 5:41 | Construir | Farm |
| 5:42 | Construir | Farm |
| 5:49 | Crear | Villager (Male) |
| 5:49 | Crear | Villager (Male) |
| 5:50 | Crear | Villager (Male) |
| 5:50 | Crear | Villager (Male) |
| 5:58 | Crear | Villager (Male) |
| 6:16 | Crear | Villager (Male) |
| 6:20 | Construir | Farm |
| 7:03 | Crear | Villager (Male) |
| 7:03 | Crear | Villager (Male) |
| 7:14 | Construir | Farm |
| 7:36 | Crear | Villager (Male) |
| 7:36 | Crear | Villager (Male) |
| 7:45 | Crear | Villager (Male) |
| 7:45 | Crear | Villager (Male) |
| 7:51 | Crear | Villager (Male) |
| 8:32 | Crear | Villager (Male) |
| 8:41 | Crear | Villager (Male) |
| 9:12 | Crear | Villager (Male) |
| 9:17 | Construir | Mining Camp |
| 9:20 | Crear | Villager (Male) |
| 9:49 | Crear | Villager (Male) |
| 9:50 | Investigar | Feudal Age |
| 10:19 | Construir | Mining Camp |
| 10:54 | Crear | Villager (Male) |
| 10:54 | Crear | Villager (Male) |
| 11:03 | Construir | House |
| 11:14 | Construir | House |
| 11:34 | Crear | Villager (Male) |
| 12:15 | Crear | Villager (Male) |
| 12:34 | Edad | Edad Feudal |
| 12:39 | Construir | Market |
| 12:43 | Construir | Blacksmith |
| 12:58 | Crear | Villager (Male) |
| 13:04 | Investigar | Horse Collar |
| 13:25 | Investigar | Castle Age |
| 13:29 | Investigar | Horse Collar |
| 13:40 | Crear | Villager (Male) |
| 13:58 | Construir | Farm |
| 14:17 | Crear | Villager (Male) |
| 14:38 | Construir | Farm |
| 14:39 | Construir | Farm |
| 14:47 | Investigar | Double-Bit Axe |
| 15:37 | Construir | Farm |
| 15:41 | Construir | Farm |
| 15:50 | Crear | Villager (Male) |
| 16:06 | Edad | Edad de los Castillos |
| 16:41 | Construir | Town Center |
| 16:47 | Crear | Villager (Male) |
| 17:08 | Crear | Villager (Male) |
| 17:33 | Construir | Town Center |
| 17:39 | Crear | Villager (Male) |
| 17:40 | Crear | Villager (Male) |
| 17:43 | Crear | Villager (Male) |
| 17:57 | Crear | Villager (Male) |
| 18:01 | Crear | Villager (Male) |
| 18:02 | Crear | Villager (Male) |
| 18:02 | Crear | Villager (Male) |
| 18:10 | Construir | Farm |
| 18:11 | Construir | Farm |
| 18:12 | Construir | Farm |
| 18:14 | Construir | Farm |
| 18:17 | Construir | Farm |
| 18:19 | Crear | Villager (Male) |
| 18:25 | Crear | Villager (Male) |
| 18:47 | Construir | House |
| 18:48 | Construir | House |
| 18:50 | Construir | House |
| 18:52 | Crear | Villager (Male) |
| 18:55 | Crear | Villager (Male) |
| 18:55 | Crear | Villager (Male) |
| 18:59 | Crear | Villager (Male) |
| 19:03 | Construir | Farm |
| 19:08 | Construir | Farm |
| 19:09 | Construir | Farm |
| 19:11 | Crear | Villager (Male) |
| 19:15 | Construir | Farm |
| 19:18 | Crear | Villager (Male) |
| 19:39 | Crear | Villager (Male) |
| 19:40 | Crear | Villager (Male) |
| 19:40 | Crear | Villager (Male) |
| 19:40 | Crear | Villager (Male) |
| 19:41 | Crear | Villager (Male) |
| 19:47 | Construir | Farm |
| 19:51 | Crear | Villager (Male) |
| 20:05 | Crear | Villager (Male) |
| 20:06 | Crear | Villager (Male) |
| 20:21 | Construir | Town Center |
| 20:23 | Crear | Villager (Male) |
| 20:23 | Crear | Villager (Male) |
| 20:23 | Crear | Villager (Male) |
| 20:30 | Construir | Mining Camp |
| 20:31 | Crear | Villager (Male) |
| 20:32 | Crear | Villager (Male) |
| 20:40 | Construir | Farm |
| 20:42 | Construir | Farm |
| 20:44 | Construir | Farm |
| 20:46 | Construir | Farm |
| 20:54 | Construir | Farm |
| 21:09 | Crear | Villager (Male) |
| 21:10 | Crear | Villager (Male) |
| 21:10 | Crear | Villager (Male) |
| 21:10 | Crear | Villager (Male) |
| 21:11 | Crear | Villager (Male) |
| 21:24 | Crear | Villager (Male) |
| 21:24 | Crear | Villager (Male) |
| 21:34 | Construir | House |
| 21:36 | Construir | House |
| 21:37 | Construir | House |
| 21:52 | Investigar | Gold Mining |
| 21:53 | Crear | Villager (Male) |
| 21:53 | Crear | Villager (Male) |
| 21:53 | Crear | Villager (Male) |
| 21:59 | Crear | Villager (Male) |
| 22:08 | Crear | Villager (Male) |
| 22:09 | Crear | Villager (Male) |
| 22:18 | Construir | Farm |
| 22:18 | Construir | Farm |
| 22:18 | Construir | Farm |
| 22:19 | Construir | Farm |
| 22:19 | Construir | Farm |
| 22:21 | Crear | Villager (Male) |
| 22:21 | Crear | Villager (Male) |
| 22:22 | Crear | Villager (Male) |
| 22:32 | Construir | Farm |
| 22:32 | Construir | Farm |
| 22:32 | Construir | Farm |
Cronología de la partida
| 10:10 | 椎名真晝我婆 · age_up feudal |
| 10:56 | Ray.bb · age_up feudal |
| 11:09 | 椎名真晝我婆 · first_market_sell 100 wood |
| 11:12 | Kou_Bs · age_up feudal |
| 11:21 | TW_HILEO · age_up feudal |
| 11:22 | TW_Dinko · age_up feudal |
| 11:46 | ANKR.DAI · age_up feudal |
| 11:48 | ANKR.Navvy · age_up feudal |
| 12:34 | TW_KA · age_up feudal |
| 13:50 | 椎名真晝我婆 · age_up castle |
| 13:54 | TW_HILEO · first_building Barracks |
| 14:43 | Ray.bb · age_up castle |
| 14:46 | Kou_Bs · age_up castle |
| 14:46 | Ray.bb · first_building Castle |
| 14:56 | TW_Dinko · age_up castle |
| 14:56 | TW_HILEO · first_building Archery Range |
| 15:23 | ANKR.DAI · age_up castle |
| 15:26 | ANKR.DAI · first_building Castle |
| 15:33 | ANKR.Navvy · age_up castle |
| 15:36 | ANKR.Navvy · first_building Siege Workshop |
| 15:36 | Kou_Bs · first_building Castle |
| 15:37 | ANKR.DAI · first_building Monastery |
| 16:06 | TW_KA · age_up castle |
| 16:07 | TW_HILEO · age_up castle |
| 16:37 | TW_KA · first_market_buy 100 wood |
| 16:42 | ANKR.Navvy · first_market_buy 100 wood |
| 16:49 | TW_Dinko · first_market_buy 100 stone |
| 17:12 | Ray.bb · first_market_buy 100 wood |
| 17:25 | TW_KA · first_market_sell 100 stone |
| 19:06 | ANKR.DAI · first_market_sell 100 wood |
| 19:29 | TW_HILEO · first_market_buy 100 food |
| 21:01 | TW_Dinko · first_building Siege Workshop |
| 21:01 | ANKR.DAI · first_building Siege Workshop |
| 21:36 | Kou_Bs · first_market_sell 100 stone |
| 21:41 | Kou_Bs · first_market_buy 100 wood |
| 22:24 | ANKR.DAI · first_building Barracks |
| 23:09 | 椎名真晝我婆 · first_building Monastery |
| 23:35 | TW_KA · first_building Siege Workshop |
| 23:48 | ANKR.DAI · first_building Stable |
| 24:18 | TW_Dinko · first_building Castle |
| 25:04 | TW_Dinko · first_building Monastery |
| 25:28 | TW_Dinko · first_building Barracks |
| 25:38 | 椎名真晝我婆 · first_building Barracks |
| 26:01 | Ray.bb · first_building Siege Workshop |
| 26:26 | TW_Dinko · first_building Stable |
| 26:36 | Ray.bb · first_market_sell 100 food |
| 27:02 | 椎名真晝我婆 · first_building Castle |
| 27:57 | TW_KA · first_building Barracks |
| 28:17 | 椎名真晝我婆 · age_up imperial |
| 28:22 | TW_HILEO · first_building Stable |
| 28:27 | Kou_Bs · wall_segment Palisade Wall x1 |
| 28:49 | 椎名真晝我婆 · first_building Archery Range |
| 28:49 | Kou_Bs · first_building Siege Workshop |
| 28:57 | TW_KA · first_building Stable |
| 29:33 | TW_Dinko · age_up imperial |
| 29:38 | Ray.bb · first_building Barracks |
| 29:48 | Ray.bb · age_up imperial |
| 30:04 | TW_HILEO · first_market_sell 100 food |
| 30:13 | Kou_Bs · wall_segment Stone Wall x1 |
| 30:17 | TW_HILEO · first_building Siege Workshop |
| 30:33 | TW_KA · age_up imperial |
| 31:00 | ANKR.Navvy · wall_segment Stone Wall x1 |
| 31:12 | ANKR.Navvy · wall_segment Stone Wall x1 |
| 31:43 | TW_HILEO · first_building Castle |
| 31:46 | ANKR.Navvy · wall_segment Stone Wall x1 |
| 31:49 | Kou_Bs · first_building Barracks |
| 32:23 | ANKR.Navvy · first_building Barracks |
| 33:04 | TW_KA · first_building Castle |
| 33:32 | Kou_Bs · age_up imperial |
| 33:53 | ANKR.Navvy · wall_segment Stone Wall x1 |
| 34:13 | ANKR.Navvy · wall_segment Stone Wall x1 |
| 34:17 | ANKR.Navvy · wall_segment Stone Wall x1 |
| 34:42 | ANKR.Navvy · wall_segment Stone Wall x1 |
| 34:43 | ANKR.Navvy · wall_segment Stone Wall x1 |
| 35:01 | Kou_Bs · wall_segment Stone Wall x5 |
| 35:04 | Kou_Bs · wall_segment Stone Wall x9 |
| 35:07 | TW_HILEO · age_up imperial |
| 35:24 | ANKR.Navvy · age_up imperial |
| 35:27 | ANKR.Navvy · wall_segment Stone Wall x2 |
| 35:54 | ANKR.Navvy · first_market_sell 500 wood |
| 37:37 | ANKR.Navvy · first_building Castle |
| 37:51 | ANKR.DAI · age_up imperial |
| 38:18 | 椎名真晝我婆 · wall_segment Stone Wall x1 |
| 38:28 | 椎名真晝我婆 · wall_segment Stone Wall x1 |
| 39:50 | 椎名真晝我婆 · tribute_sent a jugador 1 |
| 39:50 | 椎名真晝我婆 · tribute_sent a jugador 2 |
| 39:50 | 椎名真晝我婆 · tribute_sent a jugador 3 |
| 39:50 | 椎名真晝我婆 · tribute_sent a jugador 5 |
| 39:50 | 椎名真晝我婆 · tribute_sent a jugador 6 |
| 39:50 | 椎名真晝我婆 · tribute_sent a jugador 7 |
| 39:50 | 椎名真晝我婆 · tribute_sent a jugador 8 |
| 39:56 | Ray.bb · first_building Stable |
| 39:58 | Ray.bb · first_building Archery Range |
| 41:44 | Kou_Bs · wall_segment Stone Wall x4 |
| 42:35 | TW_Dinko · tribute_sent a jugador 1 |
| 42:35 | TW_Dinko · tribute_sent a jugador 2 |
| 42:35 | TW_Dinko · tribute_sent a jugador 4 |
| 42:35 | TW_Dinko · tribute_sent a jugador 5 |
| 42:35 | TW_Dinko · tribute_sent a jugador 6 |
| 42:35 | TW_Dinko · tribute_sent a jugador 7 |
| 42:35 | TW_Dinko · tribute_sent a jugador 8 |
| 42:35 | Kou_Bs · wall_segment Stone Wall x1 |
| 42:37 | Kou_Bs · wall_segment Stone Wall x7 |
| 44:57 | 椎名真晝我婆 · first_market_buy 100 stone |
| 45:05 | Kou_Bs · wall_segment Stone Wall x4 |
| 45:43 | ANKR.DAI · first_market_buy 100 stone |
| 45:54 | TW_HILEO · tribute_sent a jugador 1 |
| 45:54 | TW_HILEO · tribute_sent a jugador 2 |
| 45:54 | TW_HILEO · tribute_sent a jugador 3 |
| 45:54 | TW_HILEO · tribute_sent a jugador 4 |
| 45:54 | TW_HILEO · tribute_sent a jugador 5 |
| 45:54 | TW_HILEO · tribute_sent a jugador 6 |
| 45:54 | TW_HILEO · tribute_sent a jugador 8 |
| 46:14 | TW_Dinko · first_market_sell 500 wood |
| 46:22 | ANKR.Navvy · wall_segment Palisade Wall x1 |
| 46:23 | ANKR.Navvy · wall_segment Palisade Wall x1 |
| 46:28 | ANKR.Navvy · wall_segment Palisade Wall x1 |
| 46:29 | ANKR.Navvy · wall_segment Palisade Wall x1 |
| 49:03 | ANKR.Navvy · first_building Archery Range |
| 50:44 | TW_Dinko · tribute_sent a jugador 1 |
| 50:44 | TW_Dinko · tribute_sent a jugador 2 |
| 50:44 | TW_Dinko · tribute_sent a jugador 4 |
| 50:44 | TW_Dinko · tribute_sent a jugador 5 |
| 50:44 | TW_Dinko · tribute_sent a jugador 6 |
| 50:44 | TW_Dinko · tribute_sent a jugador 7 |
| 50:44 | TW_Dinko · tribute_sent a jugador 8 |
| 50:51 | Kou_Bs · first_building Archery Range |
| 52:15 | TW_KA · tribute_sent a jugador 1 |
| 52:15 | TW_KA · tribute_sent a jugador 2 |
| 52:15 | TW_KA · tribute_sent a jugador 3 |
| 52:15 | TW_KA · tribute_sent a jugador 4 |
| 52:15 | TW_KA · tribute_sent a jugador 5 |
| 52:15 | TW_KA · tribute_sent a jugador 6 |
| 52:15 | TW_KA · tribute_sent a jugador 7 |
| 53:10 | 椎名真晝我婆 · first_building Siege Workshop |
| 54:57 | 椎名真晝我婆 · tribute_sent a jugador 1 |
| 54:57 | 椎名真晝我婆 · tribute_sent a jugador 2 |
| 54:57 | 椎名真晝我婆 · tribute_sent a jugador 3 |
| 54:57 | 椎名真晝我婆 · tribute_sent a jugador 5 |
| 54:57 | 椎名真晝我婆 · tribute_sent a jugador 6 |
| 54:57 | 椎名真晝我婆 · tribute_sent a jugador 7 |
| 54:57 | 椎名真晝我婆 · tribute_sent a jugador 8 |
| 58:37 | TW_HILEO · tribute_sent a jugador 1 |
| 58:37 | TW_HILEO · tribute_sent a jugador 2 |
| 58:37 | TW_HILEO · tribute_sent a jugador 3 |
| 58:37 | TW_HILEO · tribute_sent a jugador 4 |
| 58:37 | TW_HILEO · tribute_sent a jugador 5 |
| 58:37 | TW_HILEO · tribute_sent a jugador 6 |
| 58:37 | TW_HILEO · tribute_sent a jugador 8 |
| 59:05 | Kou_Bs · wall_segment Stone Wall x3 |
| 67:50 | Ray.bb · tribute_sent a jugador 1 |
| 67:50 | Ray.bb · tribute_sent a jugador 3 |
| 67:50 | Ray.bb · tribute_sent a jugador 4 |
| 67:50 | Ray.bb · tribute_sent a jugador 5 |
| 67:50 | Ray.bb · tribute_sent a jugador 6 |
| 67:50 | Ray.bb · tribute_sent a jugador 7 |
| 67:50 | Ray.bb · tribute_sent a jugador 8 |
| 71:23 | TW_KA · tribute_sent a jugador 1 |
| 71:23 | TW_KA · tribute_sent a jugador 2 |
| 71:23 | TW_KA · tribute_sent a jugador 3 |
| 71:23 | TW_KA · tribute_sent a jugador 4 |
| 71:23 | TW_KA · tribute_sent a jugador 5 |
| 71:23 | TW_KA · tribute_sent a jugador 6 |
| 71:23 | TW_KA · tribute_sent a jugador 7 |
| 74:29 | Kou_Bs · first_building Monastery |
| 77:10 | ANKR.Navvy · resign |
[ ANÁLISIS IA · 1 CRÉDITO ]
¿Qué pasó realmente en esta partida?
Wolo.gg analiza cada decisión: build order, eco, micro, errores típicos por bracket. Análisis personalizado por WhatsApp o Discord en 30 segundos.
Guía civ
Wei
Perfil
Jugador #2798503